 Dungeon Crawl Stone Soup version 0.24-a0-439-g6dd8730de2 (webtiles) character file.

Game seed: 5006458973849106501

1472 mahrnol the Ogre Mage (level 8, 0/78 HPs)
             Began as an Ogre Fire Elementalist on June 17, 2019.
             Was a Follower of Vehumet.
             Slain by a hippogriff (2 damage)
             ... on level 6 of the Dungeon.
             The game lasted 00:45:08 (7513 turns).

mahrnol the Ogre Mage (Ogre Fire Elementalist)      Turns: 7513, Time: 00:45:09

Health: 0/78       AC:  4    Str: 13    XL:     8   Next: 78%
Magic:  11/17      EV: 10    Int: 18    God:    Vehumet [*.....]
Gold:   141        SH:  0    Dex:  9    Spells: 8/20 levels left

rFire    . . .     SeeInvis .   v - +3 dagger
rCold    . . .     Gourm    .   (no shield)
rNeg     . . .     Faith    .   a - +0 robe
rPois    .         Spirit   .   (helmet restricted)
rElec    .         Reflect  .   b - +0 cloak
rCorr    .         Harm     .   (gloves unavailable)
MR       .....                  (boots unavailable)
Stlth    ++........             (no amulet)
HPRegen  0.23/turn              (no ring)
MPRegen  0.15/turn              (no ring)

@: no status effects
A: large, unfitting armour, tough skin 1
a: Renounce Religion


You were on level 6 of the Dungeon.
You worshipped Vehumet.
Vehumet was aware of your devotion.
You were not hungry.

You visited 1 branch of the dungeon, and saw 6 of its levels.

You collected 176 gold pieces.
You spent 35 gold pieces at shops.

Inventory:

Hand Weapons
 j - a +0 short sword of speed
 v - a +3 dagger (weapon)
 B - a cursed -3 spear
 C - a +2 flail of venom
Missiles
 g - 47 sling bullets
 l - 84 arrows
 n - 40 bolts
 p - 4 javelins
 r - 4 curare-tipped darts
 s - 13 boomerangs (quivered)
 F - 19 poisoned darts
 L - 6 silver javelins
Armour
 a - a +0 robe (worn)
 b - a +0 cloak (worn)
Jewellery
 z - the amulet of Tausuot {Inacc *Corrode rF+ Int+4, unknown}
   (You found it on level 4 of the Dungeon)

   [amulet of inaccuracy]

   It reduces the accuracy of all your attacks.
   It affects your intelligence (+4).
   It protects you from fire.
   It may corrode you when you take damage.
Wands
 y - a wand of iceblast (13)
Scrolls
 e - a scroll of enchant armour {unknown}
 f - 9 scrolls of identify {unknown}
 h - 4 scrolls of immolation {unknown}
 i - 5 scrolls of remove curse {unknown}
 q - a scroll of teleportation {unknown}
 A - a scroll of amnesia
 D - a scroll of magic mapping {unknown}
 E - a scroll of noise {unknown}
 G - a scroll of fear {unknown}
Potions
 d - 4 potions of heal wounds {unknown}
 k - 3 potions of curing
 m - a potion of might {unknown}
 o - a potion of flight {unknown}
 t - 2 potions of ambrosia {unknown}
 u - a potion of brilliance {unknown}
 w - a potion of haste {unknown}
 H - a potion of lignification {unknown}
 J - a potion of invisibility {unknown}
 K - a potion of berserk rage {unknown}
Comestibles
 c - 14 rations
 I - 6 chunks of flesh


   Skills:
 + Level 4.0 Fighting
 - Level 1.2 Short Blades
 - Level 2.8 Dodging
 + Level 2.4 Stealth
 + Level 6.6 Spellcasting
 + Level 4.2 Conjurations
 + Level 0.8 Hexes
 + Level 5.6 Fire Magic


You had 8 spell levels left.
You knew the following spells:

 Your Spells              Type           Power        Failure   Level  Hunger
a - Flame Tongue          Conj/Fire      ###..        1%          1    None
b - Throw Flame           Conj/Fire      ###...       2%          2    None
c - Inner Flame           Hex/Fire       ###.....     9%          3    ##.....
d - Conjure Flame         Conj/Fire      ###.....     4%          3    ##.....
e - Magic Dart            Conj           ###.         1%          1    None
f - Searing Ray           Conj           ###...       3%          2    None

Your spell library contained the following spells:

 Spells                   Type           Power        Failure   Level  Hunger
 Shock                    Conj/Air       ##..         4%          1    None
 Dazzling Spray           Conj/Hex       ###...       12%         3    ##.....
 Sticky Flame             Conj/Fire      ###.....     14%         4    ####...
 Iskenderun's Mystic Bla  Conj           ###.....     19%         4    ####...
 Fulminant Prism          Conj/Hex       ###.......   36%         4    ####...
 Fireball                 Conj/Fire      ###.......   38%         5    #####..
 Force Lance              Conj/Tloc      ##......     43%         4    ####...


Dungeon Overview and Level Annotations

Branches:
Dungeon (6/15)             Temple (0/1) D:6

Altars:
Ashenzari
Elyvilon
Okawaru
Ru
Vehumet
Wu Jian
Zin
The Shining One

Shops:
D:4 %?


Innate Abilities, Weirdness & Mutations

You are too large for most types of armour.
You have tough skin. (AC +1)


Message History

Aiming: Flame Tongue (safe; 1% risk of failure)
Press: ? - help, Shift-Dir - straight line, f/p - hippogriff
Aim: a hippogriff (severely wounded)
The flame tongue misses the hippogriff.
The hippogriff bites you!
* * * LOW HITPOINT WARNING * * *
The hippogriff pecks you.
* * * LOW HITPOINT WARNING * * *
The hippogriff claws you.
* * * LOW HITPOINT WARNING * * *
Casting: Flame Tongue (safe; 1% risk of failure)
Confirm with . or Enter, or press ? or * to list all spells.
Aiming: Flame Tongue (safe; 1% risk of failure)
Press: ? - help, Shift-Dir - straight line, f/p - hippogriff
Aim: a hippogriff (severely wounded)
The flame tongue hits the hippogriff.
The hippogriff is severely wounded.
The hippogriff bites you.
* * * LOW HITPOINT WARNING * * *
The hippogriff closely misses you. The hippogriff claws you.
You die...

#.......#..# #.# ##. #......###.#
#.#### ## ###.##...# #.# #....##
# .........# #.# ####..# #
...###..## #.# ##.#
...##...####.#### #.#####
.H....)....#....######### #......
#.#.###.##..............#######.#
#o#.# #.#######.@........>......#
#...# #.# ##H#.###########.###
#..## #.# #..#.....## #.###
#.)####.######.######..######....
#.H.......##...# #.........###
#...o...<.[).### #.........#
#.........#### #.........#
###.......# #.....>...# #########
#.........#


You could see a hippogriff.

Vanquished Creatures
  Edmund (D:4)
  Menkaure (D:4)
  A water moccasin (D:6)
  An orc warrior (D:5)
  An ice beast (D:5)
  2 sky beasts (D:6)
  A centaur (D:4)
  A bullfrog (D:6)
  A scorpion (D:4)
  A howler monkey (D:6)
  A crimson imp (D:5)
  A quasit (D:3)
  A hound (D:4)
  A bullfrog zombie (D:3)
  An iguana (D:6)
  An orc wizard (D:5)
  4 worker ants
  A worker ant zombie (D:5)
  7 adders
  6 gnolls
  An ooze (D:1)
  An adder skeleton (D:4)
  5 dart slugs
  7 leopard geckos
  16 orcs
  7 bats
  5 giant cockroaches
  9 goblins
  6 hobgoblins
  6 jackals
  7 kobolds
  4 quokkas
  A ball python (D:3)
  A frilled lizard (D:1)
  A jackal skeleton (D:5)
  2 quokka skeletons (D:6)
  8 rats
122 creatures vanquished.

Notes
Turn   | Place    | Note
-------+----------+-------------------------------------------
     0 | D:1      | mahrnol the Ogre Fire Elementalist began the quest for the
                  | Orb.
     0 | D:1      | Reached XP level 1. HP: 16/16 MP: 3/3
   183 | D:1      | Reached XP level 2. HP: 24/24 MP: 0/5
   291 | D:1      | Reached skill level 1 in Conjurations
   529 | D:1      | Reached XP level 3. HP: 30/31 MP: 4/7
   566 | D:1      | Learned a level 2 spell: Throw Flame
   570 | D:1      | Learned a level 3 spell: Inner Flame
   740 | D:1      | HP: 1/31 [kobold/exploding inner flame[the player
                  | character] (29)]
   740 | D:1      | Reached skill level 3 in Spellcasting
  1515 | D:2      | Reached XP level 4. HP: 39/39 MP: 4/8
  1931 | D:2      | You fall into a shaft and drop 2 floors!
  1944 | D:4      | Found a white marble altar of Elyvilon.
  1945 | D:4      | Noticed Edmund
  2265 | D:3      | Reached XP level 5. HP: 44/46 MP: 1/10
  2665 | D:3      | HP: 2/46 [poisoned by an adder]
  2672 | D:2      | Reached skill level 4 in Spellcasting
  3157 | D:2      | Found an ornate altar of the Wu Jian Council.
  3157 | D:2      | Found a sacrificial altar of Ru.
  3449 | D:3      | Reached skill level 1 in Fighting
  3852 | D:3      | Reached XP level 6. HP: 55/55 MP: 0/12
  4105 | D:4      | Found Iwarphel's Food Shoppe.
  4232 | D:4      | Noticed Menkaure
  4248 | D:4      | Killed Menkaure
  4479 | D:4      | Learned a level 3 spell: Conjure Flame
  4518 | D:4      | Reached XP level 7. HP: 52/65 MP: 5/13
  4720 | D:4      | Got a smoking lead amulet
  4744 | D:4      | Found Xyth's Magic Scroll Shoppe.
  4747 | D:4      | Bought a scroll of amnesia for 35 gold pieces
  4930 | D:4      | Found a radiant altar of Vehumet.
  4930 | D:4      | Found a glowing golden altar of the Shining One.
  4933 | D:4      | Became a worshipper of Vehumet
  5022 | D:4      | Killed Edmund
  5022 | D:4      | Reached skill level 5 in Spellcasting
  5182 | D:5      | Entered Level 5 of the Dungeon
  5990 | D:5      | Learned a level 1 spell: Magic Dart
  5993 | D:5      | Learned a level 2 spell: Searing Ray
  6024 | D:5      | Reached skill level 1 in Short Blades
  6304 | D:5      | Found a glowing silver altar of Zin.
  6371 | D:4      | Reached XP level 8. HP: 46/74 MP: 10/16
  6452 | D:6      | Reached skill level 5 in Fire Magic
  6718 | D:6      | Reached skill level 6 in Spellcasting
  6809 | D:6      | Reached * piety under Vehumet
  6809 | D:6      | Offered knowledge of Shock by Vehumet.
  7103 | D:6      | Found a staircase to the Ecumenical Temple.
  7109 | D:6      | Found a shattered altar of Ashenzari.
  7307 | D:6      | Found an iron altar of Okawaru.
  7413 | D:6      | Noticed a two-headed ogre
  7429 | D:6      | Noticed a hippogriff
  7513 | D:6      | HP: 2/78 [hippogriff (5)]
  7513 | D:6      | Slain by a hippogriff

Levels and vault maps discovered:
D:1:      minmay_arrival_hallway, layout_basic, minmay_indecisive_spiral
D:2:      layout_loops_corners, gammafunk_temple_overflow_wave
D:3:      layout_loops_corners
D:4:      layout_rooms, elyvilon_altar_5, gammafunk_temple_overflow_elements,
          serial_shops, kennysheep_mini, shop, uniq_menkaure, uniq_edmund
D:5:      layout_cave_pools, zin_treasury, first_ration,
          kennysheep_generic_room_10
D:6:      layout_rooms, okawaru_gym_becter, ashenzari_altar_1,
          overflow_temple_1_default, minmay_temple_entry_arrows

Skill      XL: |  1  2  3  4  5  6  7  8 |
---------------+-------------------------+-----
Fire Magic     | 3 4 5 |  5.6
Conjurations   | 1 2 3 4 |  4.2
Spellcasting   | 3 4 5 6 |  6.6
Dodging        | 2 |  2.8
Fighting       | 1 2 4 |  4.0
Stealth        | 2 |  2.4
Short Blades   | 1 |  1.2
Hexes          | |  0.8

Action                   |  1- 3 |  4- 6 |  7- 9 || total
-------------------------+-------+-------+-------++-------
Melee: Unarmed           |    29 |       |       ||    29
       Short sword       |       |    74 |    47 ||   121
       Dagger            |       |       |    69 ||    69
 Cast: Flame Tongue      |    59 |    73 |   119 ||   251
       Throw Flame       |     3 |    27 |    26 ||    56
       Inner Flame       |     3 |     5 |     1 ||     9
       Conjure Flame     |       |       |     1 ||     1
       Searing Ray       |       |       |     4 ||     4
  Use: Potion            |       |     1 |       ||     1
 Stab: Sleeping          |       |     4 |       ||     4
  Eat: Chunk             |     2 |    11 |    10 ||    23
Armor: Robe              |    32 |    77 |    47 ||   156
Dodge: Dodged            |    44 |    97 |    90 ||   231

Table legend:
 A = Non-vault XP
 B = Vault XP
 C = Vault XP percentage of total XP
 D = Non-vault monster count
 E = Vault monster count
 F = Vault count percentage of total count
                 A         B        C        D         E       F
            +---------+---------+-------+---------+---------+-------
      Total |    1758 |     345 |  16.4 |     115 |       7 |   5.7
            +---------+---------+-------+---------+---------+-------
        D:1 |      44 |       9 |  17.0 |      21 |       4 |  16.0
        D:2 |      81 |       0 |   0.0 |      17 |       0 |   0.0
        D:3 |     201 |       0 |   0.0 |      31 |       0 |   0.0
        D:4 |     363 |     333 |  47.8 |      14 |       2 |  12.5
        D:5 |     386 |       3 |   0.8 |      13 |       1 |   7.1
        D:6 |     683 |       0 |   0.0 |      19 |       0 |   0.0
            +---------+---------+-------+---------+---------+-------
